[Event "EYCC Open-U18 2019"]
[Site "Bratislava"]
[Date "2019.08.08"]
[Round "7.30"]
[White "Galiana Fernandez, Adrian"]
[Black "Garanin, Aleksei"]
[Result "0-1"]
[ECO "D85"]
[WhiteElo "2302"]
[BlackElo "2192"]
[Annotator "NA"]
[PlyCount "77"]
[EventDate "2019.08.02"]
[EventType "swiss"]
[EventCountry "SVK"]
[SourceTitle "playchess.com"]
[Source "ChessBase"]
[SourceQuality "1"]
[TimeControl "40/5400+30:1800+30"]

1. d4 Nf6 2. c4 g6 3. Nc3 d5 4. cxd5 Nxd5 5. e4 Nxc3 6. bxc3 Bg7 7. Nf3 O-O 8. Be2 c5 9. O-O Nc6 10. Be3 Qc7 11. Rc1 Na5 12. h3 Rd8 13. Qa4 Bd7 14. Qa3 Be8 15. g3 Rdc8 16. Kg2 c4 17. h4 b5 18. h5 Nb7 19. Rh1 a5 20. Bf4 Nd6 21. e5 Ne4 22. hxg6 hxg6 23. d5 Qb7 24. Rcd1 b4 25. cxb4 axb4 26. Qe3 f5 27. exf6 Nxf6 28. Ng5 Bd7 29. Bf3 Qa7 30. Qe2 c3 31. g4 c2 32. Rc1 Qc5 33. Kg3 Ra3 34. d6 e5 35. Be3 Qxd6 36. Rxc2 e4+ 37. Bf4 Qd3 38. Nxe4 Nxe4+ 39. Kg2 0-1

[Event "EYCC Open-U18 2019"]
[Site "Bratislava"]
[Date "2019.08.08"]
[Round "7.31"]
[White "Kukas, Oliver"]
[Black "Omorjan, Dejan"]
[Result "1-0"]
[ECO "B90"]
[WhiteElo "2082"]
[BlackElo "2317"]
[Annotator "NA"]
[PlyCount "97"]
[EventDate "2019.08.02"]
[EventType "swiss"]
[EventCountry "SVK"]
[SourceTitle "playchess.com"]
[Source "ChessBase"]
[SourceQuality "1"]
[TimeControl "40/5400+30:1800+30"]

1. e4 c5 2. Nf3 d6 3. d4 cxd4 4. Nxd4 Nf6 5. Nc3 a6 6. Be3 e5 7. Nb3 Be7 8. h3 h5 9. Qf3 Nbd7 10. O-O-O b5 11. Rg1 Bb7 12. g4 hxg4 13. hxg4 b4 14. Nd5 Nxd5 15. exd5 Bg5 16. Kb1 Bxe3 17. fxe3 Qb6 18. Bd3 Rf8 19. Rh1 Nc5 20. Nd2 O-O-O 21. Rh7 Kb8 22. Rxg7 Ne6 23. Rxf7 Ng5 24. Rxb7+ Qxb7 25. Qg2 Rde8 26. e4 Rf4 27. Nc4 Qc7 28. Ne3 Qc5 29. Nf5 a5 30. Qh1 Rc8 31. Ne7 Rc7 32. Qh8+ Ka7 33. Nc6+ Rxc6 34. dxc6 Nf7 35. Qc8 Qb6 36. Qd7+ Kb8 37. Bc4 Qc7 38. Qe8+ Ka7 39. Rf1 Nd8 40. Rxf4 exf4 41. Qd7 Kb6 42. g5 Nxc6 43. Qxc7+ Kxc7 44. g6 Ne7 45. g7 d5 46. Bxd5 f3 47. g8=Q Nxg8 48. Bxg8 f2 49. Bc4 1-0

[Event "EYCC Open-U18 2019"]
[Site "Bratislava"]
[Date "2019.08.08"]
[Round "7.32"]
[White "Storme, Isak"]
[Black "Pektas, Yigit"]
[Result "1/2-1/2"]
[ECO "B04"]
[WhiteElo "2330"]
[BlackElo "2111"]
[Annotator "NA"]
[PlyCount "81"]
[EventDate "2019.08.02"]
[EventType "swiss"]
[EventCountry "SVK"]
[SourceTitle "playchess.com"]
[Source "ChessBase"]
[SourceQuality "1"]
[TimeControl "40/5400+30:1800+30"]

1. e4 Nf6 2. e5 Nd5 3. d4 d6 4. Nf3 dxe5 5. Nxe5 c6 6. Be2 Bf5 7. O-O Nd7 8. Nd3 e6 9. a3 Be7 10. c4 N5f6 11. b3 O-O 12. Bb2 c5 13. dxc5 Nxc5 14. Nxc5 Bxc5 15. b4 Be7 16. Nc3 a6 17. Qb3 Qc7 18. Rac1 Rfd8 19. Rfd1 Ng4 20. g3 Bf6 21. Bf3 Ne5 22. Be2 Bd3 23. Nd5 exd5 24. cxd5 Qd7 25. Bxd3 Nf3+ 26. Kg2 Bxb2 27. Qxb2 Ng5 28. Bf1 Qf5 29. Qd4 Qf3+ 30. Kg1 Qxa3 31. Bg2 Nf3+ 32. Bxf3 Qxf3 33. d6 Qf6 34. Qb6 Rd7 35. Rc7 Rad8 36. Rxb7 Qf3 37. Rxd7 Qxd1+ 38. Kg2 Qd5+ 39. Kg1 Qd1+ 40. Kg2 Qd5+ 41. Kg1 1/2-1/2

[Event "EYCC Open-U18 2019"]
[Site "Bratislava"]
[Date "2019.08.08"]
[Round "7.33"]
[White "Sousa, Hugo Carneiro"]
[Black "Ludvik, Tomas"]
[Result "0-1"]
[ECO "B20"]
[WhiteElo "2130"]
[BlackElo "2334"]
[Annotator "NA"]
[PlyCount "78"]
[EventDate "2019.08.02"]
[EventType "swiss"]
[EventCountry "SVK"]
[SourceTitle "playchess.com"]
[Source "ChessBase"]
[SourceQuality "1"]
[TimeControl "40/5400+30:1800+30"]

1. e4 c5 2. b3 e6 3. Bb2 Nc6 4. Bb5 Nd4 5. Bd3 Ne7 6. f4 g6 7. c3 Ndc6 8. Nf3 Bg7 9. O-O O-O 10. Na3 b6 11. Rc1 d6 12. Bb1 f5 13. g3 e5 14. fxe5 dxe5 15. Qe2 Kh8 16. Rfd1 f4 17. d4 exd4 18. cxd4 cxd4 19. Nc2 Bg4 20. Ncxd4 Nxd4 21. Bxd4 Bxd4+ 22. Rxd4 Qxd4+ 23. Nxd4 Bxe2 24. Nxe2 fxg3 25. hxg3 Rac8 26. Rxc8 Nxc8 27. Kg2 Nd6 28. Nf4 Re8 29. Kf3 Kg7 30. Bd3 Kf6 31. Nd5+ Ke5 32. Ke3 Rc8 33. Nb4 Rc3 34. Kd2 Kd4 35. e5 Rxd3+ 36. Nxd3 Ne4+ 37. Kc2 Nxg3 38. Nb4 Kxe5 39. Nc6+ Kf4 0-1

[Event "EYCC Open-U18 2019"]
[Site "Bratislava"]
[Date "2019.08.08"]
[Round "7.34"]
[White "Leisch, Lukas"]
[Black "Bulockin, Martin"]
[Result "1-0"]
[ECO "A30"]
[WhiteElo "2327"]
[BlackElo "2210"]
[Annotator "NA"]
[PlyCount "131"]
[EventDate "2019.08.02"]
[EventType "swiss"]
[EventCountry "SVK"]
[SourceTitle "playchess.com"]
[Source "ChessBase"]
[SourceQuality "1"]
[TimeControl "40/5400+30:1800+30"]

1. c4 c5 2. Nf3 Nc6 3. d4 cxd4 4. Nxd4 Nf6 5. Nc3 d5 6. cxd5 Nxd5 7. Nxc6 bxc6 8. Bd2 Nxc3 9. Bxc3 Qxd1+ 10. Kxd1 Ba6 11. Kc2 O-O-O 12. e4 Bxf1 13. Rhxf1 e6 14. f4 f6 15. g4 Be7 16. h4 Rhg8 17. Rae1 Kd7 18. Rf3 Kc8 19. Re2 c5 20. Be1 Rd7 21. Rc3 Rc7 22. Rc4 Rc6 23. Bf2 Kc7 24. Re3 Rc8 25. g5 g6 26. Rh3 Kd7 27. Ra3 a6 28. Be3 e5 29. fxe5 fxe5 30. Rd3+ Ke6 31. Rd5 Bd6 32. Kc3 R8c7 33. Kd3 Rc8 34. b3 Be7 35. Rc1 R6c7 36. Rc2 Rc6 37. Kc4 Rb8 38. Kd3 Rbc8 39. Bc1 Rf8 40. Ke2 Rfc8 41. Rc4 Rf8 42. Rd1 Rb6 43. Be3 Rc8 44. Rdc1 a5 45. Bd2 Ra6 46. Ra4 Rd8 47. Be3 Rb8 48. Bxc5 Rc8 49. Be3 Rxc1 50. Bxc1 Bc5 51. Bd2 Bb6 52. b4 Kd6 53. b5 Ra7 54. Rc4 Bd4 55. Rc6+ Kd7 56. a4 Ra8 57. Rf6 Rc8 58. Rf7+ Ke6 59. Rxh7 Bc3 60. Bxc3 Rxc3 61. Rg7 Rc4 62. Rxg6+ Kf7 63. Rf6+ Kg7 64. Kf3 Rxa4 65. Ra6 Ra3+ 66. Kg4 1-0

[Event "EYCC Open-U18 2019"]
[Site "Bratislava"]
[Date "2019.08.08"]
[Round "7.35"]
[White "Ciorgovean, Iustin"]
[Black "Pobor, Danilo"]
[Result "1-0"]
[ECO "D31"]
[WhiteElo "2330"]
[BlackElo "1996"]
[Annotator "NA"]
[PlyCount "45"]
[EventDate "2019.08.02"]
[EventType "swiss"]
[EventCountry "SVK"]
[SourceTitle "playchess.com"]
[Source "ChessBase"]
[SourceQuality "1"]
[TimeControl "40/5400+30:1800+30"]

1. d4 d5 2. c4 e6 3. Nc3 c6 4. e4 dxe4 5. Nxe4 Bb4+ 6. Bd2 Qxd4 7. Bxb4 Qxe4+ 8. Be2 Nd7 9. Qd6 a5 10. Bc3 Ne7 11. Nf3 Nf5 12. Qd2 O-O 13. O-O Nh4 14. Nxh4 Qxh4 15. Bxa5 b6 16. Bc3 Nf6 17. g3 Qe4 18. Rae1 Bb7 19. Bd3 Qf3 20. Re3 Qh5 21. Re5 Qh3 22. Rg5 c5 23. Rxg7+ 1-0

[Event "EYCC Open-U18 2019"]
[Site "Bratislava"]
[Date "2019.08.08"]
[Round "7.36"]
[White "Jakab, Bela"]
[Black "Toquero Gracia, Pau"]
[Result "1-0"]
[ECO "A41"]
[WhiteElo "2278"]
[BlackElo "2080"]
[Annotator "NA"]
[PlyCount "131"]
[EventDate "2019.08.02"]
[EventType "swiss"]
[EventCountry "SVK"]
[SourceTitle "playchess.com"]
[Source "ChessBase"]
[SourceQuality "1"]
[TimeControl "40/5400+30:1800+30"]

1. d4 d6 2. e4 Nf6 3. f3 Nbd7 4. Nc3 e5 5. d5 c6 6. Be3 Be7 7. Qd2 Qc7 8. h4 a6 9. a4 h5 10. a5 cxd5 11. exd5 b6 12. axb6 Nxb6 13. Bxb6 Qxb6 14. Bb5+ Bd7 15. Bxd7+ Nxd7 16. Nge2 Qxb2 17. Rb1 Qa3 18. Ne4 Nc5 19. N2g3 Nxe4 20. Nxe4 O-O 21. O-O Rfb8 22. c4 f5 23. Ng3 Qc5+ 24. Kh2 Rxb1 25. Rxb1 Qxc4 26. Nxf5 Re8 27. Rb7 Bf8 28. Rb4 Qc7 29. Qg5 Rb8 30. Rxb8 Qxb8 31. Qg6 Qb4 32. Nh6+ Kh8 33. Nf7+ Kg8 34. Kh3 Be7 35. Nh6+ Kh8 36. Nf5 Bf6 37. Qxh5+ Kg8 38. Qe8+ Kh7 39. h5 Qf4 40. Qg6+ Kg8 41. h6 Qg5 42. Qxg5 Bxg5 43. hxg7 a5 44. Kg4 Bf6 45. Nxd6 Bxg7 46. Kf5 a4 47. Nc4 Bf8 48. Kxe5 a3 49. Nxa3 Bxa3 50. Ke6 Kf8 51. Kd7 Bc1 52. g3 Be3 53. d6 Bf2 54. g4 Bg3 55. Ke6 Bf4 56. d7 Bg5 57. f4 Bd8 58. g5 Be7 59. f5 Bd8 60. f6 Kg8 61. Kd6 Kf7 62. Ke5 Kf8 63. g6 Kg8 64. Kf5 Ba5 65. Ke6 Bd8 66. g7 1-0

[Event "EYCC Open-U18 2019"]
[Site "Bratislava"]
[Date "2019.08.08"]
[Round "7.37"]
[White "Alivodic, Dario"]
[Black "Halfhide, Sebastian"]
[Result "1-0"]
[ECO "B20"]
[WhiteElo "2120"]
[BlackElo "2286"]
[Annotator "NA"]
[PlyCount "65"]
[EventDate "2019.08.02"]
[EventType "swiss"]
[EventCountry "SVK"]
[SourceTitle "playchess.com"]
[Source "ChessBase"]
[SourceQuality "1"]
[TimeControl "40/5400+30:1800+30"]

1. e4 c5 2. b4 cxb4 3. d4 d5 4. exd5 Qxd5 5. c4 Qe4+ 6. Be3 e5 7. Nd2 Qg6 8. dxe5 Nh6 9. Bxh6 Qxh6 10. Ngf3 Be7 11. Bd3 O-O 12. Qe2 Nc6 13. O-O Re8 14. Be4 Bf8 15. Bxc6 Qxc6 16. Rfe1 Bg4 17. h3 Bh5 18. g4 Bg6 19. Nd4 Qb6 20. N2f3 Rad8 21. Rad1 Bc5 22. Nf5 Rxd1 23. Rxd1 f6 24. Rd7 Bxf5 25. gxf5 fxe5 26. Ng5 Qc6 27. Rf7 Be7 28. Qh5 Bxg5 29. Rc7 Qf6 30. Qxe8+ Qf8 31. Qe6+ Kh8 32. Rc8 Bd8 33. Qd7 1-0

[Event "EYCC Open-U18 2019"]
[Site "Bratislava"]
[Date "2019.08.08"]
[Round "7.38"]
[White "Crevatin, Leo"]
[Black "Horak, Jan"]
[Result "1-0"]
[ECO "A65"]
[WhiteElo "2146"]
[BlackElo "2020"]
[Annotator "NA"]
[PlyCount "93"]
[EventDate "2019.08.02"]
[EventType "swiss"]
[EventCountry "SVK"]
[SourceTitle "playchess.com"]
[Source "ChessBase"]
[SourceQuality "1"]
[TimeControl "40/5400+30:1800+30"]

1. d4 Nf6 2. c4 c5 3. d5 e6 4. Nc3 exd5 5. cxd5 d6 6. e4 g6 7. Nge2 Bg7 8. Ng3 O-O 9. Be2 h5 10. Bg5 Qb6 11. Qb3 Qc7 12. O-O a6 13. a4 Nh7 14. Bf4 h4 15. Nh1 b6 16. f3 Nd7 17. Nf2 Ne5 18. Be3 f5 19. f4 Nf7 20. e5 dxe5 21. d6 Qxd6 22. Rfd1 Qc6 23. Nd5 Kh8 24. Qxb6 Qxb6 25. Nxb6 Rb8 26. Bxc5 Re8 27. Bc4 Nh6 28. fxe5 Bxe5 29. Nd3 Bf6 30. Re1 Bb7 31. Nd7 Rbc8 32. Nxf6 Nxf6 33. Bd4 Rxe1+ 34. Rxe1 Rxc4 35. Bxf6+ Kg8 36. Re7 Rxa4 37. b3 Re4 38. Rxb7 Ng4 39. Bxh4 Rd4 40. Rb8+ Kg7 41. Rd8 Re4 42. h3 Ne3 43. Bf2 Nd1 44. Nc5 Nxf2 45. Kxf2 Rb4 46. Rd7+ Kh6 47. Rb7 1-0

[Event "EYCC Open-U18 2019"]
[Site "Bratislava"]
[Date "2019.08.08"]
[Round "7.39"]
[White "Johannsson, Birkir Isak"]
[Black "Castillo Dalmau, Albert"]
[Result "0-1"]
[ECO "A17"]
[WhiteElo "1988"]
[BlackElo "2252"]
[Annotator "NA"]
[PlyCount "126"]
[EventDate "2019.08.02"]
[EventType "swiss"]
[EventCountry "SVK"]
[SourceTitle "playchess.com"]
[Source "ChessBase"]
[SourceQuality "1"]
[TimeControl "40/5400+30:1800+30"]

1. Nf3 Nf6 2. c4 e6 3. Nc3 b6 4. e4 d6 5. d4 Bb7 6. Bd3 c5 7. d5 exd5 8. cxd5 Nbd7 9. h3 Be7 10. O-O O-O 11. Bf4 a6 12. a4 Re8 13. Re1 Bf8 14. Qd2 Qc7 15. Bc4 h6 16. Rad1 g5 17. Bh2 Bg7 18. Bf1 Nh5 19. Bd3 Ne5 20. Be2 Nxf3+ 21. Bxf3 Nf6 22. e5 dxe5 23. d6 Qd7 24. Bxb7 Qxb7 25. Rxe5 Qd7 26. Qd3 Re6 27. Rxe6 Qxe6 28. Bg3 Ra7 29. Qd2 Rd7 30. Re1 Qc4 31. Re7 Bf8 32. Rxd7 Nxd7 33. Qe3 Qe6 34. Qd3 c4 35. Qd4 Bg7 36. Qd2 Bf8 37. Qd4 Bg7 38. Qd2 Be5 39. Bxe5 Qxe5 40. Nd1 b5 41. Ne3 c3 42. bxc3 bxa4 43. Ng4 Qe6 44. Ne3 a3 45. c4 Qe5 46. Nd1 a2 47. Qxa2 Qe1+ 48. Kh2 Qxd1 49. Qxa6 Kg7 50. Qc6 Ne5 51. Qc7 Qd4 52. Kg1 Qf4 53. g3 Qc1+ 54. Kg2 Qd2 55. Qe7 Qd4 56. Kg1 Ng6 57. Qc7 Nf8 58. Qe7 Qc5 59. Qc7 Ne6 60. Qe7 Qxc4 61. d7 Qd4 62. Kf1 Qf6 63. Qd6 Qd8 0-1

[Event "EYCC Open-U18 2019"]
[Site "Bratislava"]
[Date "2019.08.08"]
[Round "7.40"]
[White "Ghersinich, Enrico"]
[Black "Novosel, Marko"]
[Result "0-1"]
[ECO "A45"]
[WhiteElo "2221"]
[BlackElo "1981"]
[Annotator "NA"]
[PlyCount "60"]
[EventDate "2019.08.02"]
[EventType "swiss"]
[EventCountry "SVK"]
[SourceTitle "playchess.com"]
[Source "ChessBase"]
[SourceQuality "1"]
[TimeControl "40/5400+30:1800+30"]

1. d4 Nf6 2. Bg5 e6 3. e4 Be7 4. Bd3 d5 5. e5 Nfd7 6. Bxe7 Qxe7 7. Nd2 c5 8. c3 cxd4 9. cxd4 Nc6 10. Ne2 O-O 11. a3 f6 12. exf6 Qxf6 13. Nf3 e5 14. Qb3 Nb6 15. dxe5 Nxe5 16. Nxe5 Qxe5 17. O-O Be6 18. Rae1 Rf6 19. Qb4 Qg5 20. f4 Qh4 21. Nd4 Bd7 22. g3 Qh5 23. Re5 Qh3 24. Rf2 Raf8 25. Bf1 Qg4 26. Be2 Qg6 27. Bh5 Qd3 28. Bf3 Kh8 29. Re7 Bh3 30. Rd2 Qf1# 0-1

[Event "EYCC Open-U18 2019"]
[Site "Bratislava"]
[Date "2019.08.08"]
[Round "7.41"]
[White "Rodriguez Izquierdo, Luis"]
[Black "Veleshnja, Zino"]
[Result "1/2-1/2"]
[ECO "B90"]
[WhiteElo "2007"]
[BlackElo "2131"]
[Annotator "NA"]
[PlyCount "82"]
[EventDate "2019.08.02"]
[EventType "swiss"]
[EventCountry "SVK"]
[SourceTitle "playchess.com"]
[Source "ChessBase"]
[SourceQuality "1"]
[TimeControl "40/5400+30:1800+30"]

1. e4 c5 2. Nf3 d6 3. d4 cxd4 4. Nxd4 Nf6 5. Nc3 a6 6. h3 e5 7. Nde2 h5 8. Bg5 Be6 9. Bxf6 Qxf6 10. Nd5 Qd8 11. Nec3 g6 12. Bc4 Bh6 13. Bb3 O-O 14. O-O Nc6 15. Qd3 Rc8 16. Rad1 Nd4 17. f4 Nxb3 18. axb3 Bxd5 19. Nxd5 exf4 20. Nxf4 Qb6+ 21. Kh1 Bxf4 22. Rxf4 Qc5 23. c3 Qg5 24. Qf3 Qe7 25. Rf6 Rc6 26. Qf4 Rd8 27. Rf1 Rd7 28. b4 Rc4 29. Qd2 Rxe4 30. Rxf7 Qxf7 31. Rxf7 Kxf7 32. Qh6 Rde7 33. Qh7+ Kf6 34. Qh8+ Kf7 35. Qh7+ Kf6 36. Qh8+ Kg5 37. Qd8 R4e6 38. Qf8 h4 39. Kh2 d5 40. Qd8 Re5 41. Qc8 R5e6 1/2-1/2

[Event "EYCC Open-U18 2019"]
[Site "Bratislava"]
[Date "2019.08.08"]
[Round "7.42"]
[White "Baranciuc, Alexandr"]
[Black "Brozyna, Mateusz"]
[Result "0-1"]
[ECO "C54"]
[WhiteElo "1901"]
[BlackElo "2258"]
[Annotator "NA"]
[PlyCount "124"]
[EventDate "2019.08.02"]
[EventType "swiss"]
[EventCountry "SVK"]
[SourceTitle "playchess.com"]
[Source "ChessBase"]
[SourceQuality "1"]
[TimeControl "40/5400+30:1800+30"]

1. e4 e5 2. Nf3 Nc6 3. Bc4 Bc5 4. c3 Nf6 5. d3 a6 6. h3 d6 7. Bb3 h6 8. Nbd2 Be6 9. O-O O-O 10. Re1 Re8 11. Nf1 Ba7 12. Ng3 d5 13. exd5 Bxd5 14. Ne4 Nh5 15. Bxd5 Qxd5 16. Nh4 Nf4 17. Qg4 Qe6 18. Nf5 Qg6 19. Bxf4 Qxg4 20. hxg4 exf4 21. d4 Kf8 22. Re2 Ne7 23. Nxe7 Rxe7 24. Rae1 Rd8 25. b4 Rd5 26. Nd2 Rxe2 27. Rxe2 f6 28. Re4 g5 29. Nc4 b5 30. Nb2 Rd6 31. Nd3 Kf7 32. f3 a5 33. bxa5 Rc6 34. Nc5 Bxc5 35. dxc5 Ra6 36. c6 Rxa5 37. Rd4 Rxa2 38. Rd7+ Ke6 39. Rxc7 Rc2 40. Rb7 Rxc3 41. Rxb5 Rxc6 42. Kh2 Kf7 43. Rb8 Rc7 44. Kh3 Kg6 45. Rg8+ Rg7 46. Rf8 Rh7 47. Rg8+ Kf7 48. Ra8 h5 49. Ra7+ Kg6 50. Rxh7 hxg4+ 51. Kxg4 f5+ 52. Kh3 Kxh7 53. Kh2 Kg6 54. Kg1 Kf6 55. Kf2 Ke5 56. Ke2 Kd4 57. Kd2 Kc4 58. Kc2 g4 59. Kd2 gxf3 60. gxf3 Kd4 61. Ke2 Kc3 62. Ke1 Kd3 0-1

[Event "EYCC Open-U18 2019"]
[Site "Bratislava"]
[Date "2019.08.08"]
[Round "7.43"]
[White "Marzo Pie, Xavier"]
[Black "Gray, Euan"]
[Result "1-0"]
[ECO "E33"]
[WhiteElo "2202"]
[BlackElo "2004"]
[Annotator "NA"]
[PlyCount "59"]
[EventDate "2019.08.02"]
[EventType "swiss"]
[EventCountry "SVK"]
[SourceTitle "playchess.com"]
[Source "ChessBase"]
[SourceQuality "1"]
[TimeControl "40/5400+30:1800+30"]

1. d4 Nf6 2. c4 e6 3. Nc3 Bb4 4. Qc2 Nc6 5. Nf3 d6 6. a3 Bxc3+ 7. Qxc3 a5 8. b3 O-O 9. Bg5 h6 10. Bh4 Nb8 11. e3 Nbd7 12. Bd3 Qe7 13. O-O e5 14. dxe5 dxe5 15. Bf5 Re8 16. Rfd1 Nc5 17. Bc2 Bg4 18. b4 Ncd7 19. h3 Bh5 20. Bf5 g5 21. Bg3 e4 22. Nd4 Bxd1 23. Rxd1 axb4 24. axb4 Ne5 25. Nb5 Rab8 26. c5 b6 27. c6 Kg7 28. Bd7 Nd3 29. Nxc7 Rec8 30. Nd5 1-0

[Event "EYCC Open-U18 2019"]
[Site "Bratislava"]
[Date "2019.08.08"]
[Round "7.44"]
[White "Pirard, Natan"]
[Black "Durica, Adam"]
[Result "1-0"]
[ECO "B10"]
[WhiteElo "2153"]
[BlackElo "1958"]
[Annotator "NA"]
[PlyCount "85"]
[EventDate "2019.08.02"]
[EventType "swiss"]
[EventCountry "SVK"]
[SourceTitle "playchess.com"]
[Source "ChessBase"]
[SourceQuality "1"]
[TimeControl "40/5400+30:1800+30"]

1. e4 c6 2. c4 d5 3. exd5 cxd5 4. cxd5 Qxd5 5. Nc3 Qd8 6. d4 e6 7. Nf3 Nf6 8. Be2 Be7 9. O-O O-O 10. Bf4 a6 11. Ne5 Nbd7 12. Bf3 Nb6 13. Bg3 Nfd5 14. Qb3 f5 15. Nd3 a5 16. a4 Nb4 17. Nf4 Rf6 18. Rfe1 Kh8 19. Nxe6 Bxe6 20. Rxe6 f4 21. Rxf6 Bxf6 22. Bxf4 Qxd4 23. Be3 Qc4 24. Qd1 Rd8 25. Qe2 Qxe2 26. Bxe2 N6d5 27. Nxd5 Rxd5 28. Rc1 h6 29. b3 Nc6 30. Kf1 Re5 31. Bf3 Re6 32. Rc5 Nd4 33. Bxb7 Kh7 34. Bd5 Rb6 35. Rxa5 Rb4 36. Bd2 Rb6 37. b4 Rd6 38. Be3 Rd7 39. g3 g6 40. Kg2 Bd8 41. Rc5 Bb6 42. Bc6 Rc7 43. Rc3 1-0

[Event "EYCC Open-U18 2019"]
[Site "Bratislava"]
[Date "2019.08.08"]
[Round "7.45"]
[White "Kizatbay, Abyl"]
[Black "Vardanyan, Aras"]
[Result "1-0"]
[ECO "A43"]
[WhiteElo "2216"]
[BlackElo "2027"]
[Annotator "NA"]
[PlyCount "91"]
[EventDate "2019.08.02"]
[EventType "swiss"]
[EventCountry "SVK"]
[SourceTitle "playchess.com"]
[Source "ChessBase"]
[SourceQuality "1"]
[TimeControl "40/5400+30:1800+30"]

1. d4 Nf6 2. Nf3 c5 3. d5 b5 4. Bg5 Qb6 5. Bxf6 Qxf6 6. e4 g6 7. e5 Qb6 8. Nbd2 Bb7 9. c4 Bg7 10. Be2 bxc4 11. O-O Bxd5 12. Nxc4 Bxc4 13. Bxc4 O-O 14. Re1 Nc6 15. Qxd7 Rad8 16. Qh3 e6 17. b3 h6 18. Rac1 Nb4 19. Re2 Nd3 20. Bxd3 Rxd3 21. Qg4 Rfd8 22. h4 h5 23. Qf4 Qc7 24. Rc4 R8d5 25. Kh2 a5 26. Re1 Rd1 27. Re2 Rd8 28. Qe3 R1d5 29. g3 Qc6 30. Qe4 Rb8 31. Ng5 Qd7 32. f4 Rb4 33. Nf3 Bf8 34. Kg2 Rd1 35. Kf2 Qd5 36. Qxd5 exd5 37. Rcc2 a4 38. bxa4 Rxa4 39. e6 Ra7 40. exf7+ Rxf7 41. Re6 Rg7 42. Rb2 Re7 43. Rxg6+ Kf7 44. Rbb6 Ra7 45. Ne5+ Ke7 46. Nc6+ 1-0

[Event "EYCC Open-U18 2019"]
[Site "Bratislava"]
[Date "2019.08.08"]
[Round "7.46"]
[White "Polczyk, Mikolaj"]
[Black "Ihnat, Marek"]
[Result "1-0"]
[ECO "A31"]
[WhiteElo "2111"]
[BlackElo "1946"]
[Annotator "NA"]
[PlyCount "59"]
[EventDate "2019.08.02"]
[EventType "swiss"]
[EventCountry "SVK"]
[SourceTitle "playchess.com"]
[Source "ChessBase"]
[SourceQuality "1"]
[TimeControl "40/5400+30:1800+30"]

1. Nf3 Nf6 2. c4 c5 3. d4 cxd4 4. Nxd4 Nc6 5. Nc3 g6 6. e4 d6 7. f3 Nxd4 8. Qxd4 Bg7 9. Be3 O-O 10. Qd2 a5 11. Rc1 a4 12. Be2 Qa5 13. O-O Be6 14. Nd5 Bxd5 15. Qxa5 Rxa5 16. cxd5 Ne8 17. Rc8 b5 18. Bd2 Bd4+ 19. Kh1 Ra7 20. Bxb5 Nc7 21. Rxf8+ Kxf8 22. Bh6+ Kg8 23. Rc1 Bxb2 24. Rc4 a3 25. Bc6 Bg7 26. Be3 Ra6 27. Bb7 Ra5 28. Rxc7 Rb5 29. Rc8+ Bf8 30. h4 1-0

[Event "EYCC Open-U18 2019"]
[Site "Bratislava"]
[Date "2019.08.08"]
[Round "7.47"]
[White "Varga, Lukas"]
[Black "Kaspar, Lukas"]
[Result "1-0"]
[ECO "C00"]
[WhiteElo "2046"]
[BlackElo "1886"]
[Annotator "NA"]
[PlyCount "59"]
[EventDate "2019.08.02"]
[EventType "swiss"]
[EventCountry "SVK"]
[SourceTitle "playchess.com"]
[Source "ChessBase"]
[SourceQuality "1"]
[TimeControl "40/5400+30:1800+30"]

1. e4 e6 2. Qe2 b6 3. g3 Bb7 4. Bg2 Nf6 5. f4 Be7 6. d3 d5 7. e5 Nfd7 8. Nh3 c5 9. O-O Nc6 10. Be3 Qc7 11. c4 d4 12. Bf2 O-O 13. Nd2 a6 14. g4 b5 15. Bg3 Na5 16. Rac1 Bxg2 17. Qxg2 Qc6 18. Ne4 bxc4 19. dxc4 Qc7 20. f5 Qd8 21. Nf4 Nxe5 22. f6 gxf6 23. Nh5 Nd7 24. Bh4 Rb8 25. Nexf6+ Nxf6 26. Nxf6+ Kg7 27. Qe4 Rh8 28. Qe5 Nc6 29. Qg5+ Kf8 30. Qh6# 1-0

[Event "EYCC Open-U18 2019"]
[Site "Bratislava"]
[Date "2019.08.08"]
[Round "7.48"]
[White "Winkin, Pol"]
[Black "Gloser, David"]
[Result "1/2-1/2"]
[ECO "B15"]
[WhiteElo "1840"]
[BlackElo "2123"]
[Annotator "NA"]
[PlyCount "58"]
[EventDate "2019.08.02"]
[EventType "swiss"]
[EventCountry "SVK"]
[SourceTitle "playchess.com"]
[Source "ChessBase"]
[SourceQuality "1"]
[TimeControl "40/5400+30:1800+30"]

1. e4 c6 2. d4 d5 3. Nc3 g6 4. Nf3 Bg7 5. h3 Nh6 6. Bf4 f6 7. Be2 Nf7 8. Qd2 O-O 9. O-O e6 10. Rfe1 Nd7 11. Bf1 e5 12. Bh2 Bh6 13. Qd1 dxe4 14. dxe5 exf3 15. e6 Nfe5 16. exd7 Bxd7 17. gxf3 Qc8 18. Bxe5 fxe5 19. Rxe5 Bxh3 20. Bc4+ Kh8 21. Ne4 Bg7 22. Re7 Qf5 23. Be6 Qe5 24. Rxg7 Bxe6 25. Rxb7 Rf4 26. Qd6 Qxd6 27. Nxd6 Rxf3 28. Re1 Bg8 29. Ree7 a5 1/2-1/2

[Event "EYCC Open-U18 2019"]
[Site "Bratislava"]
[Date "2019.08.09"]
[Round "8.1"]
[White "Kaasen, Tor Fredrik"]
[Black "Erenberg, Ariel"]
[Result "1/2-1/2"]
[ECO "E15"]
[WhiteElo "2376"]
[BlackElo "2442"]
[Annotator "NA"]
[PlyCount "28"]
[EventDate "2019.08.02"]
[EventType "swiss"]
[EventCountry "SVK"]
[SourceTitle "playchess.com"]
[Source "ChessBase"]
[SourceQuality "1"]
[TimeControl "40/5400+30:1800+30"]

1. d4 Nf6 2. c4 e6 3. Nf3 b6 4. g3 Ba6 5. Qc2 c6 6. e4 d5 7. e5 Ne4 8. Nc3 Nxc3 9. Qxc3 Bxc4 10. Bxc4 dxc4 11. Qxc4 Qd5 12. Qxd5 cxd5 13. Bd2 Be7 14. Rc1 Kd7 1/2-1/2

[Event "EYCC Open-U18 2019"]
[Site "Bratislava"]
[Date "2019.08.09"]
[Round "8.2"]
[White "Bronstein, Or"]
[Black "Zarubitski, Viachaslau"]
[Result "1/2-1/2"]
[ECO "E11"]
[WhiteElo "2378"]
[BlackElo "2424"]
[Annotator "NA"]
[PlyCount "153"]
[EventDate "2019.08.02"]
[EventType "swiss"]
[EventCountry "SVK"]
[SourceTitle "playchess.com"]
[Source "ChessBase"]
[SourceQuality "1"]
[TimeControl "40/5400+30:1800+30"]

1. d4 e6 2. c4 Nf6 3. Nf3 Bb4+ 4. Bd2 c5 5. Bxb4 cxb4 6. g3 b6 7. Bg2 Bb7 8. O-O O-O 9. a3 bxa3 10. Rxa3 d6 11. Nc3 a5 12. Qb1 Na6 13. e4 Nb4 14. Rd1 Rc8 15. Nd2 Ba6 16. Bf1 Qc7 17. Na2 Nc6 18. Nf3 e5 19. d5 Nb8 20. Rc1 Nbd7 21. b4 Ra8 22. Nd2 axb4 23. Qxb4 Nc5 24. Nc3 Bb7 25. Rca1 Rxa3 26. Rxa3 Ra8 27. Rxa8+ Bxa8 28. Qa3 Qb8 29. f3 Bb7 30. Nb3 Kf8 31. Nxc5 bxc5 32. Qa5 Qa8 33. Qb6 Ne8 34. Nb5 Qa6 35. Qd8 Qa8 36. Qd7 Qb8 37. Bh3 Ba6 38. Be6 Qb7 39. Qxe8+ Kxe8 40. Nxd6+ Ke7 41. Nxb7 Bxb7 42. Bh3 Ba6 43. Bf1 Bc8 44. Kf2 Bd7 45. Ke3 Kd6 46. Bd3 Ba4 47. Kd2 Bb3 48. Be2 Ke7 49. Kc3 Ba4 50. f4 f6 51. Bg4 Kd6 52. h4 Ke7 53. Bf5 h6 54. Bg6 Bd1 55. Kd2 Bb3 56. Kd3 Bd1 57. Bf5 Kd6 58. Bh3 Ke7 59. Bf1 Kd6 60. Be2 Bb3 61. Kc3 Ba4 62. Bd3 Bd1 63. Kd2 Bb3 64. f5 Ke7 65. Be2 Kd6 66. Kc3 Ba4 67. Bd3 Bd1 68. Bc2 Be2 69. Bb3 Ke7 70. Kd2 Bf3 71. Ke3 Bh5 72. Bc2 Bg4 73. Kd2 Bf3 74. Ke3 Bg4 75. Bd3 Bd1 76. Kd2 Bf3 77. Bc2 1/2-1/2